 Dungeon Crawl Stone Soup version 0.31-a0-263-ge8cad7f256 (webtiles) character file.

Game seed: 17021302025212990199

68 qw the Shooter (level 4, -4/26 HPs)
             Began as a Gargoyle Hexslinger on July 13, 2023.
             Slain by Sigmund
             ... wielding a +0 scythe
              (8 damage)
             ... on level 2 of the Dungeon.
             The game lasted 00:00:45 (1781 turns).

qw the Shooter (Gargoyle Hexslinger)                Turns: 1781, Time: 00:00:46

Health: -4/26      AC:  5    Str: 12    XL:     4   Next: 19%
Magic:  5/5        EV: 12    Int: 13    God:
Gold:   55         SH:  0    Dex: 14    Spells: 4/5 levels left

rFire   . . .        Y - +1 sling
rCold   . . .        (no shield)
rNeg    + . .        c - +0 robe
rPois   inf          (no helmet)
rElec   +            (no cloak)
rCorr   .            (no gloves)
SInv    .            (no boots)
Will    .....        (no amulet)
Stlth   +            (no ring)
HPRegen 0.24/turn    (no ring)
MPRegen 0.09/turn

%: no passive effects
@: confused
A: sickness immunity, AC +3, negative energy resistance 1, electricity
resistance, torment resistance 1, petrification resistance
a: no special abilities


You were on level 2 of the Dungeon.
You visited 1 branch of the dungeon, and saw 2 of its levels.

You collected 55 gold pieces.


Innate Abilities, Weirdness & Mutations

You are immune to sickness and miasma.
Your stone body is resilient. (AC +3)
You are immune to poison.
You resist negative energy. (rN+)
You are resistant to electric shocks. (rElec)
You are resistant to unholy torment.
You are immune to petrification.


   Skills:
 - Level 2.0 Fighting
 + Level 4.0 Ranged Weapons
 - Level 1.5 Dodging
 - Level 1.0 Spellcasting
 - Level 2.6 Hexes


You had 4 spell levels left.
You knew the following spells:

 Your Spells              Type           Power      Damage    Failure   Level
a - Slow                  Hex            28%        N/A       10%         1

Your spell library contained the following spells:

 Spells                   Type           Power      Damage    Failure   Level
 Inner Flame              Hex/Fire       4%         N/A       43%         3
 Portal Projectile        Hex/Tloc       8%         N/A       43%         3
 Cause Fear               Hex            3%         N/A       67%         4

Inventory:

Hand Weapons
 Y - a +1 sling (weapon)
Armour
 c - a +0 robe (worn)
 e - a +0 ring mail
Scrolls
 g - 2 scrolls of identify
 h - 3 scrolls of blinking {unknown}
Potions
 a - a potion of attraction {unknown}
 b - a potion of berserk rage {unknown}
 d - a potion of magic {unknown}
 f - a potion of ambrosia {unknown}
 j - a potion of haste {unknown}

Dungeon Overview and Level Annotations

Branches:
Dungeon (2/15)

Altars:

Annotations:
D:2 1 runed translucent door, Crazy Yiuf, Sigmund


Message History

Enter note:
Enter note:
Enter note:
1760 ||| FLEEEEING.
1761 ||| FLEEEEING.
Enter note:
Enter note:
Enter note:
Enter note:
Enter note:
Enter note:
1762 ||| FLEEEEING.
1763 ||| FLEEEEING.
A puff of flame appears from out of thin air!
The puff of flame hits you!
1764 ||| FLEEEEING.
1765 ||| STILL FLEEEEING.
1766 ||| STILL FLEEEEING.
1767 ||| STILL FLEEEEING.
1768 ||| STILL FLEEEEING.
1769 ||| STILL FLEEEEING.
A puff of flame appears from out of thin air!
The puff of flame hits you!
1770 ||| FLEEEEING.
1771 ||| FLEEEEING.
1772 ||| FLEEEEING.
1773 ||| FLEEEEING.
You are confused.
Enter note:
Enter note:
Enter note:
Enter note:
Enter note:
Enter note: Something hits you.
You feel less confused.
You hear some strange, mumbled words.
You are confused.
Something hits you!
You die...

#.#######<# #.# #>.###..#.....
#.# #....# #.# #.......(.##.#
#.####.######.#####.##...####.#
###...................##(>.####.#
..................###.##...#.....
########.######.#.# #......#.##.#
#.# #.#.#####....#.##.# #.#
#...........##.##.# #.#
##@.#####..###.##.# #.# #l.# #..#
#.##.# #.# #{.#####..# #.#..# #.#
#.........# #.#.##
#.#######.######..# #.#.##
#.........######..###.....
########................##
##.######..####### #.# #..#


You could see a frilled lizard.

Vanquished Creatures
  An adder (D:2)
  4 worms
  A ball python (D:1)
  3 endoplasms
  3 giant cockroaches (D:1)
  6 goblins
  4 hobgoblins
  2 jackals (D:1)
  2 kobolds
  A quokka (D:1)
  8 bats
  4 frilled lizards
  5 rats
44 creatures vanquished.

Notes
Turn   | Place    | Note
-------+----------+-------------------------------------------
     0 | D:1      | qw the Gargoyle Hexslinger began the quest for the Orb.
     0 | D:1      | Reached XP level 1. HP: 12/12 MP: 2/2
     0 | D:1      | 0 ||| qw: Version: 0.3-a-52-g30416fa
     0 | D:1      | 0 ||| qw: Game counter: 7280
     0 | D:1      | 0 ||| qw: Melee chars always use a shield: true
     0 | D:1      | 0 ||| qw: God list: Okawaru
     0 | D:1      | 0 ||| qw: Allow faded altars: false
     0 | D:1      | 0 ||| qw: Do Orc after clearing Dungeon:15 true
     0 | D:1      | 0 ||| qw: Do second Lair branch before Depths: true
     0 | D:1      | 0 ||| qw: Lair rune preference: random
     0 | D:1      | 0 ||| qw: Goals: Normal
     0 | D:1      | 0 ||| PLANNING D:1-11
   127 | D:1      | Reached XP level 2. HP: 16/16 MP: 3/3
   296 | D:1      | Reached skill level 3 in Ranged Weapons
   581 | D:1      | Reached XP level 3. HP: 21/21 MP: 4/4
   886 | D:1      | 886 ||| READING scroll labelled BUAFAMOESAA.
   887 | D:1      | 887 ||| READING scroll labelled SELAISTIPH.
   888 | D:1      | 888 ||| READING 2 scrolls labelled HIAXATIHYS.
   889 | D:1      | 889 ||| READING scroll labelled TID BATUNOMOXU.
   890 | D:1      | 890 ||| READING scroll labelled SANWEL MEYQUKK.
   905 | D:1      | 905 ||| DROPPING scroll of poison.
   936 | D:2      | Noticed Sigmund
   940 | D:2      | 940 ||| STAIRDANCE
   949 | D:1      | HP: 4/21 [worm (3)]
  1026 | D:2      | 1026 ||| STAIRDANCE
  1270 | D:2      | Found a runed translucent door.
  1271 | D:2      | Noticed Crazy Yiuf
  1409 | D:2      | Reached XP level 4. HP: 26/26 MP: 5/5
  1595 | D:2      | Reached skill level 4 in Ranged Weapons
  1734 | D:2      | 1734 ||| FLEEEEING.
  1735 | D:2      | 1735 ||| FLEEEEING.
  1736 | D:2      | 1736 ||| FLEEEEING.
  1737 | D:2      | 1737 ||| FLEEEEING.
  1738 | D:2      | 1738 ||| FLEEEEING.
  1739 | D:2      | 1739 ||| FLEEEEING.
  1740 | D:2      | 1740 ||| FLEEEEING.
  1741 | D:2      | 1741 ||| FLEEEEING.
  1742 | D:2      | 1742 ||| FLEEEEING.
  1743 | D:2      | 1743 ||| FLEEEEING.
  1744 | D:2      | 1744 ||| FLEEEEING.
  1745 | D:2      | 1745 ||| FLEEEEING.
  1753 | D:2      | 1753 ||| FLEEEEING.
  1754 | D:2      | 1754 ||| FLEEEEING.
  1757 | D:2      | 1757 ||| FLEEEEING.
  1758 | D:2      | 1758 ||| FLEEEEING.
  1759 | D:2      | 1759 ||| FLEEEEING.
  1760 | D:2      | 1760 ||| FLEEEEING.
  1761 | D:2      | 1761 ||| FLEEEEING.
  1762 | D:2      | 1762 ||| FLEEEEING.
  1763 | D:2      | 1763 ||| FLEEEEING.
  1764 | D:2      | 1764 ||| FLEEEEING.
  1769 | D:2      | HP: 5/26 [something/puff of flame (7)]
  1770 | D:2      | 1770 ||| FLEEEEING.
  1771 | D:2      | 1771 ||| FLEEEEING.
  1772 | D:2      | 1772 ||| FLEEEEING.
  1773 | D:2      | 1773 ||| FLEEEEING.
  1778 | D:2      | HP: 3/26 [something (4)]
  1781 | D:2      | Slain by Sigmund

Levels and vault maps discovered:
D:1:      sevenhm_arrival_forest_fort_small_6, layout_basic
D:2:      layout_loops_ring, basic_altar, uniq_crazy_yiuf_cottage, uniq_sigmund

Skill      XL: |  1  2  3  4 |
---------------+-------------+-----
Ranged Weapons | 3 4 |  4.0
Fighting       | 2 |  2.0
Dodging        | |  1.5
Spellcasting   | |  1.0
Hexes          | |  2.6

Action                     |  1- 3 |  4- 6 || total
---------------------------+-------+-------++-------
   Fire: Sling             |   159 |    27 ||   186
    Use: Scroll            |     5 |       ||     5
 Armour: Robe              |    38 |       ||    38
  Dodge: Dodged            |    68 |     4 ||    72

Table legend:
 A = Non-vault XP
 B = Vault XP
 C = Vault XP percentage of total XP
 D = Non-vault monster count
 E = Vault monster count
 F = Vault count percentage of total count
                 A         B        C        D         E       F
            +---------+---------+-------+---------+---------+-------
      Total |      98 |       0 |   0.0 |      44 |       0 |   0.0
            +---------+---------+-------+---------+---------+-------
        D:1 |      49 |       0 |   0.0 |      26 |       0 |   0.0
        D:2 |      49 |       0 |   0.0 |      18 |       0 |   0.0
            +---------+---------+-------+---------+---------+-------
